 Dungeon Crawl Stone Soup version 0.20.1-1-g8b1a95d (webtiles) character file.

422 microfolk the Chopper (level 6, -11/56 HPs)
             Began as a Hill Orc Monk on Jan 4, 2018.
             Killed from afar by pstr's ghost (24 damage)
             ... with a stone arrow
             ... on level 3 of the Dungeon.
             The game lasted 00:10:23 (3717 turns).

microfolk the Chopper (Hill Orc Monk)               Turns: 3717, Time: 00:10:24

Health: -11/56     AC:  3    Str: 16    XL:     6   Next: 95%
Magic:  6/6        EV: 12    Int: 10    God:
Gold:   165        SH:  0    Dex: 13    Spells: 5/5 levels left

rFire    . . .     SeeInvis .   a - +0 hand axe
rCold    . . .     Gourm    .   (no shield)
rNeg     . . .     Faith    .   d - +0 leather armour
rPois    .         Spirit   .   (no helmet)
rElec    .         Reflect  .   (no cloak)
rCorr    .         Harm     .   (no gloves)
MR       .....                  (no boots)
Stlth    ++........             (no amulet)
Regen    0.2/turn               (no ring)
MPRegen  0.1/turn               (no ring)

@: hasted, very quick
A: no striking features
a: no special abilities


You were on level 3 of the Dungeon.
You were not hungry.

You visited 1 branch of the dungeon, and saw 3 of its levels.

You collected 165 gold pieces.

Inventory:

Hand Weapons
 a - a +0 hand axe (weapon)
Missiles
 b - 54 stones (quivered)
Armour
 d - a +0 leather armour (worn)
 h - a +0 large shield
 l - a +0 helmet
 n - a +0 ring mail
 q - a +0 chain mail
Wands
 f - a wand of confusion (17/48)
Scrolls
 e - 2 scrolls of teleportation
 p - a scroll of identify
 r - a scroll of fog {unknown}
Potions
 i - a potion of curing
 k - a potion of flight
 o - a potion of resistance
Comestibles
 c - 3 bread rations
 g - 5 chunks of flesh
 j - 14 fruits
 m - a meat ration


   Skills:
 + Level 5.2 Fighting
 + Level 6.1 Axes
 + Level 3.5 Armour
 - Level 2.5 Dodging
 - Level 1.5 Stealth
 + Level 3.4 Shields


You had 5 spell levels left.
You didn't know any spells.

Dungeon Overview and Level Annotations

Branches:
Dungeon (3/15)

Altars:
Fedhas
Nemelex Xobeh
Trog

Annotations:
D:3 pstr's ghost, amateur SpEE


Message History

You closely miss pstr's ghost.
Pstr's ghost is moderately damaged.
Pstr's ghost barely misses you.
You hit pstr's ghost.
Pstr's ghost is moderately damaged.
Pstr's ghost hits you but does no damage.
Some of the chunks of flesh in your inventory have rotted away.
You barely miss pstr's ghost.
Pstr's ghost is moderately damaged.
Pstr's ghost casts a spell at you. The blast of sand misses you.
You feel yourself speed up.
Pstr's ghost points at you and mumbles some strange words.
The stone arrow hits you!
* * * LOW HITPOINT WARNING * * *
Pstr's ghost gestures at you while chanting.
The stone arrow misses you. Pstr's ghost casts a spell at you.
The stone arrow hits you!
You die...

.......)....#.##.#.##....#.......
######.#......##.#.##....###+####
###'#.##.####.#.#########.#
#........#....#.........#.#
#........#.####.#######.#.#
#........#............#.#.#
##.....#..............#'#.####
#.....##########..............
#.....))..W..@.'..............
#....###########.........#####
#....# #.........# #....#
#.........# #....########
########### #............
#......S..... #..........(.
#............


You could see pstr's ghost.

Vanquished Creatures
  Grinder (D:3)
  Jessica (D:3)
  4 gnolls (D:3)
  8 adders
  An ooze (D:3)
  2 worms (D:2)
  4 dart slugs
  2 leopard geckos
  2 orcs (D:3)
  4 giant cockroaches
  9 goblins
  8 hobgoblins
  2 quokkas (D:3)
  A ball python (D:2)
  4 bats
  6 frilled lizards
  5 kobolds
  11 rats
75 creatures vanquished.

Notes
Turn   | Place    | Note
-------+----------+-------------------------------------------
     0 | D:1      | microfolk the Hill Orc Monk began the quest for the Orb.
     0 | D:1      | Reached XP level 1. HP: 19/19 MP: 1/1
   126 | D:1      | Reached XP level 2. HP: 26/27 MP: 2/2
   290 | D:1      | Reached skill level 1 in Armour
   327 | D:1      | Reached XP level 3. HP: 27/33 MP: 3/3
   912 | D:2      | Reached skill level 1 in Shields
   912 | D:2      | Reached XP level 4. HP: 33/40 MP: 4/4
  1364 | D:2      | Found a bloodstained altar of Trog.
  1770 | D:3      | Found a sparkling altar of Nemelex Xobeh.
  1804 | D:3      | Reached skill level 5 in Axes
  2008 | D:3      | Noticed Jessica
  2304 | D:3      | Killed Jessica
  2304 | D:3      | Reached XP level 5. HP: 39/47 MP: 5/5
  2534 | D:3      | Noticed Grinder
  2549 | D:3      | Paralysed by Grinder for 6 turns
  2559 | D:3      | Killed Grinder
  2559 | D:3      | Reached skill level 5 in Fighting
  2559 | D:3      | Reached skill level 6 in Axes
  2559 | D:3      | Reached XP level 6. HP: 8/56 MP: 6/6
  3028 | D:3      | Found a blossoming altar of Fedhas.
  3698 | D:3      | Noticed pstr's ghost (amateur SpEE)
  3717 | D:3      | Killed from afar by pstr's ghost

Skill      XL: |  1  2  3  4  5 |
---------------+----------------+-----
Armour         | 1 2 3 |  3.5
Fighting       | 4 5 |  5.2
Shields        | 1 2 3 |  3.4
Axes           | 5 6 |  6.1
Dodging        | |  2.5
Stealth        | |  1.5

Action                   |  1- 3 |  4- 6 || total
-------------------------+-------+-------++-------
Melee: Hand axe          |   121 |   213 ||   334
Throw: Stone             |       |     9 ||     9
  Use: Scroll            |     3 |     4 ||     7
       Potion            |       |     2 ||     2
 Stab: Sleeping          |     4 |     3 ||     7
  Eat: Chunk             |       |     9 ||     9
Armor: Leather armour    |    26 |    32 ||    58
Dodge: Dodged            |    87 |   120 ||   207
